[ AOE2 MATCH · #481348551 ]
UnrankedBritons vs Franks
[ REPLAY ANALYSIS · EXTRACTED FROM THE RECORDED GAME ]
Feudal
14:26
Castle
21:16
Imperial
36:52
| APM avg | 37.8 |
| APM peak | 83 |
| eAPM avg | 16.1 |
| Villagers / military | 92 / 59 |
Focus
⚔️ 21.1% · 🌾 78.9%
Archer ×55 · Fishing Ship ×14 · Longbowman ×2 · Trade Cart ×2 · Galley ×1 · Trebuchet (Packed) ×1
Feudal
12:35
Castle
18:03
Imperial
38:04
| APM avg | 21.2 |
| APM peak | 45 |
| eAPM avg | 14.1 |
| Villagers / military | 138 / 86 |
Focus
⚔️ 19.3% · 🌾 80.7%
Knight ×83 · Fishing Ship ×7 · Unknown (2626) ×2 · Trebuchet (Packed) ×2 · Fire Galley ×1
Feudal
13:52
Castle
21:32
Imperial
—
| APM avg | 30.9 |
| APM peak | 64 |
| eAPM avg | 13.3 |
| Villagers / military | 70 / 67 |
Focus
⚔️ 31.2% · 🌾 68.8%
Genoese Crossbowman ×45 · Spearman ×19 · Fishing Ship ×14 · Unknown (2626) ×5 · Battering Ram ×3
Feudal
14:02
Castle
17:46
Imperial
35:18
| APM avg | 26.0 |
| APM peak | 50 |
| eAPM avg | 14.6 |
| Villagers / military | 114 / 96 |
Focus
⚔️ 23.2% · 🌾 76.8%
Skirmisher ×34 · Knight ×29 · Arambai ×27 · Fishing Ship ×7 · Mangonel ×3 · Trebuchet (Packed) ×3
Feudal
13:06
Castle
19:26
Imperial
29:11
| APM avg | 21.9 |
| APM peak | 47 |
| eAPM avg | 12.8 |
| Villagers / military | 96 / 13 |
Focus
⚔️ 19.2% · 🌾 80.8%
Petard ×8 · Fishing Ship ×7 · Demolition Raft ×2 · Fire Galley ×1 · Transport Ship ×1 · Trebuchet (Packed) ×1
Feudal
12:50
Castle
22:18
Imperial
—
| APM avg | 40.4 |
| APM peak | 83 |
| eAPM avg | 17.2 |
| Villagers / military | 140 / 44 |
Focus
⚔️ 21.3% · 🌾 78.7%
Fishing Ship ×36 · Galley ×34 · Mangonel ×4 · Spearman ×3 · Monk ×2 · Battering Ram ×1
Feudal
12:34
Castle
16:31
Imperial
36:40
| APM avg | 28.3 |
| APM peak | 57 |
| eAPM avg | 17.3 |
| Villagers / military | 136 / 77 |
Focus
⚔️ 24.8% · 🌾 75.2%
Skirmisher ×36 · Knight ×35 · Fishing Ship ×10 · Monk ×4 · Trebuchet (Packed) ×2
Feudal
14:56
Castle
18:50
Imperial
39:14
| APM avg | 48.2 |
| APM peak | 93 |
| eAPM avg | 19.0 |
| Villagers / military | 92 / 10 |
Focus
⚔️ 28.2% · 🌾 71.8%
Unknown (2579) ×76 · Fishing Ship ×16 · Battering Ram ×7 · Trebuchet (Packed) ×2 · Demolition Raft ×1
Match map
Initial resources + every placement click. Lines = walls · curves = elevation contours. ◆ gold · ⬟ stone · ● berries · ✦ relic · ◌ wall gap
Your base· Open — unwalled flank
iPakkaa's base· Open — 6t gap
逐曦者's base· Open — 9t gap
VkGua's base· Open — unwalled flank
ToyBoy's base· ✓ Closed at 19:26 · 14t walls · 1 gate(s)
快乐沙狗's base· Open — unwalled flank
言灵·镰鼬's base· Open — 3t gap
seabed's base· Open — 2t gap
Smoothed initial terrain · ◌ = detected wall gap · hover for details
Inputs per minute
— momo - - iPakkaa
Build order — momo
First 150 of 275 actions detected
| 1:26 | Build | Town Center |
| 1:44 | Build | Dock |
| 2:22 | Build | House |
| 3:15 | Build | House |
| 3:59 | Create | Villager (Male) |
| 4:00 | Create | Villager (Male) |
| 4:05 | Create | Villager (Male) |
| 4:06 | Create | Villager (Male) |
| 5:31 | Create | Villager (Male) |
| 5:57 | Create | Villager (Male) |
| 6:20 | Create | Villager (Male) |
| 6:20 | Create | Villager (Male) |
| 7:01 | Create | Villager (Male) |
| 7:18 | Create | Villager (Male) |
| 7:18 | Create | Villager (Male) |
| 7:21 | Create | Fishing Ship |
| 7:38 | Build | House |
| 7:41 | Create | Villager (Male) |
| 8:05 | Create | Villager (Male) |
| 8:13 | Create | Fishing Ship |
| 8:20 | Create | Villager (Male) |
| 8:38 | Create | Fishing Ship |
| 9:07 | Create | Villager (Male) |
| 9:07 | Create | Villager (Male) |
| 9:08 | Create | Villager (Male) |
| 9:24 | Create | Fishing Ship |
| 9:38 | Build | House |
| 10:11 | Create | Villager (Male) |
| 10:28 | Create | Villager (Male) |
| 10:41 | Build | Mill |
| 10:42 | Create | Villager (Male) |
| 10:54 | Research | Loom |
| 10:58 | Create | Fishing Ship |
| 11:02 | Build | House |
| 11:28 | Create | Fishing Ship |
| 11:43 | Build | House |
| 11:45 | Create | Villager (Male) |
| 11:57 | Research | Feudal Age |
| 11:58 | Research | Feudal Age |
| 12:04 | Create | Villager (Male) |
| 12:05 | Create | Fishing Ship |
| 12:30 | Build | House |
| 12:44 | Create | Villager (Male) |
| 12:57 | Create | Villager (Male) |
| 13:02 | Create | Fishing Ship |
| 13:08 | Build | Palisade Wall |
| 13:44 | Build | House |
| 13:47 | Create | Fishing Ship |
| 14:21 | Build | Barracks |
| 14:23 | Create | Villager (Male) |
| 14:26 | Age | Feudal Age |
| 14:54 | Build | Lumber Camp |
| 15:10 | Build | House |
| 15:22 | Create | Fishing Ship |
| 15:46 | Build | Palisade Wall |
| 15:48 | Create | Villager (Male) |
| 16:02 | Build | Archery Range |
| 16:03 | Create | Villager (Male) |
| 16:22 | Research | Double-Bit Axe |
| 16:24 | Research | Horse Collar |
| 16:31 | Create | Fishing Ship |
| 16:39 | Create | Fishing Ship |
| 17:09 | Build | House |
| 17:11 | Create | Archer |
| 17:42 | Build | Blacksmith |
| 17:42 | Create | Villager (Male) |
| 17:43 | Create | Villager (Male) |
| 17:52 | Create | Archer |
| 18:02 | Create | Fishing Ship |
| 18:14 | Create | Fishing Ship |
| 18:18 | Create | Galley |
| 18:33 | Build | House |
| 18:36 | Research | Castle Age |
| 18:36 | Research | Castle Age |
| 18:39 | Research | Fletching |
| 18:42 | Create | Archer |
| 18:42 | Create | Archer |
| 19:28 | Create | Archer |
| 19:28 | Create | Archer |
| 20:05 | Create | Villager (Male) |
| 20:05 | Create | Villager (Male) |
| 20:08 | Create | Archer |
| 20:08 | Create | Archer |
| 20:37 | Create | Villager (Male) |
| 20:42 | Build | House |
| 20:57 | Build | Mining Camp |
| 20:59 | Create | Villager (Male) |
| 21:06 | Create | Villager (Male) |
| 21:10 | Create | Archer |
| 21:16 | Age | Castle Age |
| 21:31 | Create | Villager (Male) |
| 21:33 | Research | Crossbowman (upgrade) |
| 21:46 | Create | Archer |
| 21:49 | Build | House |
| 21:55 | Create | Archer |
| 21:55 | Create | Archer |
| 22:21 | Build | House |
| 22:23 | Create | Villager (Male) |
| 22:30 | Build | Town Center |
| 22:35 | Create | Archer |
| 22:46 | Create | Villager (Male) |
| 22:46 | Create | Villager (Male) |
| 22:51 | Create | Archer |
| 22:54 | Build | House |
| 23:07 | Research | Gold Mining |
| 23:17 | Create | Archer |
| 23:46 | Create | Archer |
| 23:56 | Research | Bodkin Arrow |
| 24:06 | Create | Archer |
| 24:06 | Create | Archer |
| 24:16 | Create | Villager (Male) |
| 24:17 | Create | Villager (Male) |
| 24:23 | Build | Farm |
| 24:23 | Build | Farm |
| 24:24 | Build | Farm |
| 24:44 | Create | Villager (Male) |
| 24:44 | Create | Villager (Male) |
| 25:31 | Build | Farm |
| 25:31 | Build | Farm |
| 25:36 | Create | Archer |
| 25:36 | Create | Archer |
| 25:36 | Create | Archer |
| 25:45 | Create | Villager (Male) |
| 25:47 | Create | Villager (Male) |
| 25:47 | Create | Villager (Male) |
| 25:54 | Create | Villager (Male) |
| 26:11 | Create | Villager (Male) |
| 26:29 | Research | Padded Archer Armor |
| 26:36 | Build | Farm |
| 26:37 | Create | Villager (Male) |
| 26:44 | Create | Archer |
| 27:14 | Create | Villager (Male) |
| 27:15 | Create | Villager (Male) |
| 27:39 | Create | Archer |
| 27:40 | Create | Archer |
| 28:02 | Build | Castle |
| 28:18 | Create | Villager (Male) |
| 28:19 | Create | Villager (Male) |
| 28:34 | Create | Villager (Male) |
| 28:35 | Create | Archer |
| 28:35 | Create | Archer |
| 28:35 | Create | Archer |
| 29:05 | Build | Castle |
| 29:14 | Create | Archer |
| 29:15 | Create | Archer |
| 29:29 | Create | Villager (Male) |
| 29:36 | Build | House |
| 29:38 | Build | House |
| 29:43 | Research | Bow Saw |
| 29:54 | Create | Archer |
Build order — iPakkaa
First 150 of 349 actions detected
| 0:07 | Build | Town Center |
| 0:32 | Build | Dock |
| 0:33 | Build | House |
| 2:29 | Create | Villager (Male) |
| 2:29 | Create | Villager (Male) |
| 2:29 | Create | Villager (Male) |
| 2:30 | Create | Villager (Male) |
| 3:31 | Create | Fishing Ship |
| 3:34 | Create | Villager (Male) |
| 4:14 | Build | House |
| 4:31 | Build | House |
| 4:37 | Create | Villager (Male) |
| 4:58 | Create | Villager (Male) |
| 5:18 | Create | Villager (Male) |
| 5:53 | Create | Villager (Male) |
| 6:01 | Create | Villager (Male) |
| 6:03 | Create | Fishing Ship |
| 6:36 | Create | Villager (Male) |
| 6:55 | Create | Villager (Male) |
| 7:21 | Create | Fishing Ship |
| 7:23 | Create | Fishing Ship |
| 7:33 | Create | Villager (Male) |
| 7:58 | Create | Villager (Male) |
| 8:02 | Build | House |
| 8:25 | Build | House |
| 8:40 | Create | Villager (Male) |
| 8:45 | Create | Villager (Male) |
| 9:01 | Create | Villager (Male) |
| 9:26 | Build | Mill |
| 9:31 | Create | Villager (Male) |
| 9:45 | Build | House |
| 10:15 | Build | Mining Camp |
| 10:25 | Research | Feudal Age |
| 10:50 | Create | Fishing Ship |
| 11:27 | Build | Dock |
| 11:29 | Build | House |
| 12:08 | Build | Mining Camp |
| 12:25 | Create | Fishing Ship |
| 12:30 | Create | Villager (Male) |
| 12:35 | Age | Feudal Age |
| 13:10 | Create | Villager (Male) |
| 13:29 | Build | Blacksmith |
| 13:50 | Create | Villager (Male) |
| 13:52 | Create | Villager (Male) |
| 14:34 | Build | Market |
| 14:44 | Research | Loom |
| 15:22 | Build | Lumber Camp |
| 15:23 | Research | Castle Age |
| 15:45 | Research | Double-Bit Axe |
| 16:03 | Build | Outpost |
| 16:08 | Build | Outpost |
| 16:10 | Build | Outpost |
| 16:12 | Build | Outpost |
| 16:39 | Create | Unit 2626 |
| 16:54 | Research | Town Watch |
| 17:16 | Create | Villager (Male) |
| 18:03 | Age | Castle Age |
| 18:06 | Build | Town Center |
| 18:10 | Create | Villager (Male) |
| 18:33 | Build | Town Center |
| 18:35 | Create | Villager (Male) |
| 18:53 | Create | Villager (Male) |
| 19:09 | Create | Fishing Ship |
| 19:13 | Create | Villager (Male) |
| 19:28 | Build | Outpost |
| 19:29 | Create | Villager (Male) |
| 19:30 | Create | Villager (Male) |
| 19:31 | Create | Villager (Male) |
| 19:46 | Build | House |
| 19:50 | Create | Fire Galley |
| 19:58 | Create | Villager (Male) |
| 19:58 | Create | Villager (Male) |
| 20:45 | Build | House |
| 20:46 | Create | Villager (Male) |
| 20:47 | Create | Villager (Male) |
| 20:48 | Create | Villager (Male) |
| 20:58 | Create | Unit 2626 |
| 21:01 | Create | Villager (Male) |
| 21:01 | Create | Villager (Male) |
| 21:02 | Create | Villager (Male) |
| 21:09 | Build | Castle |
| 21:27 | Create | Villager (Male) |
| 21:28 | Create | Villager (Male) |
| 21:28 | Create | Villager (Male) |
| 21:29 | Create | Villager (Male) |
| 21:35 | Build | House |
| 21:44 | Build | House |
| 21:52 | Build | House |
| 21:56 | Build | House |
| 21:59 | Build | House |
| 22:09 | Build | Mining Camp |
| 22:12 | Create | Villager (Male) |
| 22:13 | Create | Villager (Male) |
| 22:13 | Create | Villager (Male) |
| 22:16 | Build | House |
| 22:23 | Build | Barracks |
| 22:24 | Create | Villager (Male) |
| 22:41 | Build | Farm |
| 22:41 | Build | Farm |
| 22:41 | Build | Farm |
| 22:42 | Build | Farm |
| 22:42 | Build | Farm |
| 22:42 | Build | Farm |
| 22:47 | Build | Farm |
| 22:47 | Build | Farm |
| 22:47 | Build | Farm |
| 22:47 | Build | Farm |
| 23:02 | Build | Mill |
| 23:10 | Build | House |
| 23:11 | Create | Villager (Male) |
| 23:11 | Create | Villager (Male) |
| 23:40 | Build | House |
| 23:48 | Build | Stable |
| 23:58 | Create | Villager (Male) |
| 23:59 | Create | Villager (Male) |
| 23:59 | Create | Villager (Male) |
| 24:07 | Build | Farm |
| 24:08 | Build | Farm |
| 24:10 | Build | Farm |
| 24:22 | Build | House |
| 24:23 | Create | Villager (Male) |
| 24:23 | Create | Villager (Male) |
| 24:24 | Create | Villager (Male) |
| 24:52 | Create | Villager (Male) |
| 24:53 | Create | Villager (Male) |
| 24:53 | Create | Villager (Male) |
| 24:58 | Create | Knight |
| 25:04 | Build | Lumber Camp |
| 25:11 | Create | Villager (Male) |
| 25:12 | Create | Villager (Male) |
| 25:12 | Create | Villager (Male) |
| 25:13 | Create | Villager (Male) |
| 25:17 | Build | Farm |
| 25:18 | Build | Farm |
| 25:19 | Build | Farm |
| 25:20 | Build | Farm |
| 25:26 | Build | House |
| 25:27 | Create | Villager (Male) |
| 25:28 | Create | Villager (Male) |
| 25:28 | Create | Villager (Male) |
| 25:32 | Create | Knight |
| 25:46 | Create | Villager (Male) |
| 25:47 | Create | Villager (Male) |
| 25:47 | Create | Villager (Male) |
| 25:52 | Build | Farm |
| 25:53 | Build | Farm |
| 25:57 | Build | Farm |
| 26:02 | Build | House |
| 26:03 | Create | Villager (Male) |
| 26:04 | Create | Villager (Male) |
Build order — 逐曦者
First 150 of 235 actions detected
| 0:53 | Build | Town Center |
| 2:15 | Build | House |
| 3:01 | Build | Dock |
| 3:41 | Create | Villager (Male) |
| 3:42 | Create | Villager (Male) |
| 3:42 | Create | Villager (Male) |
| 3:42 | Create | Villager (Male) |
| 3:42 | Create | Villager (Male) |
| 3:58 | Build | House |
| 5:09 | Create | Fishing Ship |
| 5:26 | Research | Loom |
| 5:26 | Research | Loom |
| 6:09 | Create | Villager (Male) |
| 6:33 | Create | Villager (Male) |
| 6:33 | Create | Villager (Male) |
| 6:33 | Create | Villager (Male) |
| 7:08 | Create | Fishing Ship |
| 7:08 | Create | Fishing Ship |
| 7:21 | Create | Villager (Male) |
| 7:21 | Create | Villager (Male) |
| 7:57 | Create | Fishing Ship |
| 8:16 | Build | House |
| 8:25 | Create | Villager (Male) |
| 9:01 | Create | Villager (Male) |
| 9:33 | Create | Villager (Male) |
| 9:38 | Build | House |
| 9:49 | Create | Fishing Ship |
| 9:49 | Create | Fishing Ship |
| 10:06 | Create | Villager (Male) |
| 11:08 | Create | Villager (Male) |
| 11:24 | Build | Mill |
| 11:42 | Research | Feudal Age |
| 11:42 | Research | Feudal Age |
| 11:53 | Build | Mining Camp |
| 11:57 | Create | Villager (Male) |
| 11:57 | Create | Villager (Male) |
| 12:12 | Create | Fishing Ship |
| 13:12 | Build | House |
| 13:18 | Create | Villager (Male) |
| 13:52 | Age | Feudal Age |
| 13:57 | Build | Watch Tower |
| 14:05 | Create | Villager (Male) |
| 14:10 | Create | Unit 2626 |
| 14:10 | Create | Unit 2626 |
| 14:10 | Create | Unit 2626 |
| 14:16 | Create | Villager (Male) |
| 14:23 | Create | Villager (Male) |
| 14:30 | Build | House |
| 15:33 | Create | Villager (Male) |
| 15:44 | Create | Fishing Ship |
| 15:44 | Create | Fishing Ship |
| 16:08 | Create | Villager (Male) |
| 16:21 | Create | Unit 2626 |
| 16:21 | Create | Unit 2626 |
| 17:00 | Build | House |
| 17:25 | Create | Villager (Male) |
| 17:25 | Create | Villager (Male) |
| 17:34 | Build | Market |
| 18:08 | Build | Blacksmith |
| 18:52 | Research | Castle Age |
| 18:52 | Research | Castle Age |
| 19:08 | Build | Barracks |
| 19:22 | Build | Stone Wall |
| 19:46 | Build | Stone Wall |
| 19:51 | Create | Spearman |
| 19:51 | Create | Spearman |
| 19:54 | Create | Villager (Male) |
| 19:54 | Create | Villager (Male) |
| 20:03 | Build | House |
| 20:36 | Create | Fishing Ship |
| 20:36 | Create | Fishing Ship |
| 20:44 | Build | House |
| 21:04 | Build | Barracks |
| 21:11 | Create | Villager (Male) |
| 21:11 | Create | Villager (Male) |
| 21:30 | Build | House |
| 21:32 | Age | Castle Age |
| 22:08 | Build | House |
| 22:14 | Create | Villager (Male) |
| 22:36 | Build | Mining Camp |
| 22:53 | Research | Pikeman (upgrade) |
| 22:53 | Create | Spearman |
| 22:53 | Create | Spearman |
| 22:54 | Create | Spearman |
| 23:37 | Create | Spearman |
| 23:37 | Create | Spearman |
| 23:50 | Build | Mining Camp |
| 24:10 | Build | Stable |
| 24:46 | Build | Mining Camp |
| 25:04 | Create | Villager (Male) |
| 25:04 | Create | Villager (Male) |
| 25:05 | Create | Villager (Male) |
| 25:16 | Build | House |
| 25:22 | Build | Palisade Wall |
| 25:48 | Create | Villager (Male) |
| 25:48 | Create | Villager (Male) |
| 26:05 | Build | Palisade Wall |
| 26:12 | Build | House |
| 26:17 | Build | Palisade Wall |
| 26:29 | Build | Palisade Wall |
| 26:36 | Create | Villager (Male) |
| 26:36 | Create | Villager (Male) |
| 27:28 | Build | House |
| 27:30 | Build | House |
| 27:38 | Research | Stone Mining |
| 27:39 | Research | Stone Mining |
| 27:41 | Create | Villager (Male) |
| 27:42 | Create | Villager (Male) |
| 27:50 | Research | Fletching |
| 27:51 | Research | Fletching |
| 28:05 | Build | Castle |
| 28:20 | Create | Spearman |
| 28:21 | Create | Spearman |
| 28:21 | Create | Spearman |
| 28:21 | Create | Spearman |
| 28:38 | Build | Stone Wall |
| 29:05 | Create | Genoese Crossbowman |
| 29:05 | Create | Genoese Crossbowman |
| 29:05 | Create | Genoese Crossbowman |
| 29:05 | Create | Genoese Crossbowman |
| 29:06 | Create | Genoese Crossbowman |
| 29:06 | Create | Genoese Crossbowman |
| 29:07 | Create | Genoese Crossbowman |
| 29:16 | Create | Villager (Male) |
| 29:17 | Create | Villager (Male) |
| 29:17 | Create | Villager (Male) |
| 29:46 | Create | Genoese Crossbowman |
| 29:46 | Create | Genoese Crossbowman |
| 30:11 | Build | Lumber Camp |
| 30:16 | Create | Genoese Crossbowman |
| 30:16 | Create | Genoese Crossbowman |
| 30:16 | Create | Genoese Crossbowman |
| 30:20 | Create | Villager (Male) |
| 30:20 | Create | Villager (Male) |
| 30:20 | Create | Villager (Male) |
| 30:21 | Create | Villager (Male) |
| 31:08 | Create | Villager (Male) |
| 31:08 | Create | Villager (Male) |
| 31:13 | Build | Farm |
| 31:13 | Build | Farm |
| 31:14 | Build | Farm |
| 31:14 | Build | Farm |
| 31:15 | Build | Farm |
| 31:15 | Build | Farm |
| 31:16 | Build | Farm |
| 31:16 | Build | Farm |
| 31:46 | Create | Genoese Crossbowman |
| 31:46 | Create | Genoese Crossbowman |
| 31:46 | Create | Genoese Crossbowman |
| 31:46 | Create | Genoese Crossbowman |
Build order — VkGua
First 150 of 340 actions detected
| 0:45 | Build | House |
| 0:55 | Build | Town Center |
| 1:39 | Build | Dock |
| 2:55 | Create | Villager (Male) ×4 |
| 3:57 | Create | Fishing Ship |
| 4:23 | Build | House |
| 4:34 | Create | Villager (Male) |
| 5:02 | Research | Loom |
| 5:26 | Create | Villager (Male) |
| 5:32 | Create | Fishing Ship |
| 5:49 | Create | Villager (Male) |
| 6:17 | Create | Villager (Male) |
| 6:22 | Build | House |
| 6:51 | Create | Fishing Ship |
| 6:56 | Create | Villager (Male) |
| 6:56 | Create | Villager (Male) |
| 7:21 | Create | Villager (Male) |
| 7:24 | Create | Fishing Ship |
| 7:44 | Create | Villager (Male) |
| 7:45 | Create | Villager (Male) |
| 8:00 | Create | Fishing Ship |
| 8:14 | Build | House |
| 8:18 | Create | Villager (Male) |
| 8:39 | Create | Villager (Male) |
| 8:41 | Create | Villager (Male) |
| 8:48 | Build | House |
| 8:52 | Create | Fishing Ship |
| 9:10 | Build | Mill |
| 9:15 | Create | Villager (Male) |
| 9:15 | Create | Villager (Male) |
| 9:53 | Create | Fishing Ship |
| 10:29 | Create | Villager (Male) |
| 10:35 | Build | House |
| 11:00 | Create | Villager (Male) |
| 11:52 | Research | Feudal Age |
| 12:26 | Build | Mining Camp |
| 13:42 | Create | Villager (Male) |
| 13:42 | Create | Villager (Male) |
| 14:02 | Age | Feudal Age |
| 14:08 | Build | Market |
| 14:11 | Build | Blacksmith |
| 14:31 | Build | Mining Camp |
| 14:48 | Build | House |
| 15:06 | Research | Castle Age |
| 15:51 | Build | Lumber Camp |
| 16:16 | Build | Outpost |
| 17:05 | Build | Palisade Wall |
| 17:18 | Build | Barracks |
| 17:20 | Create | Villager (Male) |
| 17:46 | Age | Castle Age |
| 17:59 | Build | Town Center |
| 18:08 | Create | Villager (Male) |
| 18:09 | Create | Villager (Male) |
| 18:29 | Build | Stable |
| 18:35 | Create | Villager (Male) |
| 18:42 | Build | House |
| 19:17 | Build | Dock |
| 19:24 | Create | Villager (Male) |
| 19:32 | Create | Knight |
| 19:32 | Create | Knight |
| 19:37 | Build | House |
| 19:40 | Create | Villager (Male) |
| 19:42 | Create | Villager (Male) |
| 20:00 | Build | House |
| 20:01 | Create | Villager (Male) |
| 20:02 | Create | Villager (Male) |
| 20:08 | Create | Villager (Male) |
| 20:15 | Research | Horse Collar |
| 20:20 | Build | House |
| 20:35 | Build | Castle |
| 20:37 | Create | Villager (Male) |
| 20:40 | Build | Farm |
| 20:44 | Build | Farm |
| 20:55 | Build | House |
| 21:39 | Build | Siege Workshop |
| 21:44 | Build | Farm |
| 21:46 | Build | Farm |
| 21:47 | Build | Farm |
| 21:50 | Build | Farm |
| 21:51 | Build | Farm |
| 22:18 | Build | Farm |
| 22:33 | Create | Villager (Male) |
| 22:40 | Build | Farm |
| 22:43 | Build | Farm |
| 22:47 | Create | Mangonel |
| 22:47 | Create | Mangonel |
| 23:17 | Build | House |
| 23:17 | Create | Villager (Male) |
| 23:18 | Create | Villager (Male) |
| 23:20 | Create | Villager (Male) |
| 23:29 | Build | Farm |
| 23:30 | Build | Farm |
| 23:43 | Build | House |
| 23:44 | Create | Villager (Male) |
| 23:44 | Create | Villager (Male) |
| 24:35 | Create | Knight |
| 24:36 | Create | Villager (Male) |
| 24:37 | Create | Villager (Male) |
| 25:01 | Create | Mangonel |
| 25:04 | Create | Villager (Male) |
| 25:05 | Create | Villager (Male) |
| 25:59 | Create | Villager (Male) |
| 25:59 | Create | Villager (Male) |
| 26:00 | Create | Villager (Male) |
| 26:00 | Create | Villager (Male) |
| 26:03 | Build | House |
| 26:09 | Build | Farm |
| 26:10 | Build | Farm |
| 26:11 | Build | Farm |
| 26:12 | Build | Farm |
| 26:13 | Build | Farm |
| 26:14 | Build | Farm |
| 26:16 | Research | Heavy Plow |
| 26:45 | Create | Villager (Male) |
| 26:45 | Create | Villager (Male) |
| 26:48 | Create | Villager (Male) |
| 26:48 | Create | Villager (Male) |
| 27:01 | Create | Knight |
| 27:11 | Build | Farm |
| 27:13 | Build | Farm |
| 27:15 | Create | Villager (Male) |
| 27:19 | Create | Arambai ×5 |
| 27:28 | Build | Outpost |
| 27:31 | Build | Outpost |
| 27:35 | Create | Villager (Male) |
| 27:38 | Create | Villager (Male) |
| 27:41 | Create | Villager (Male) |
| 27:42 | Create | Arambai |
| 28:03 | Build | Town Center |
| 28:09 | Create | Villager (Male) |
| 28:10 | Create | Villager (Male) |
| 28:13 | Create | Villager (Male) |
| 28:43 | Create | Villager (Male) |
| 28:44 | Create | Villager (Male) |
| 28:46 | Create | Villager (Male) |
| 28:46 | Create | Villager (Male) |
| 28:58 | Build | Mill |
| 29:00 | Build | Farm |
| 29:01 | Build | Farm |
| 29:02 | Build | Farm |
| 29:03 | Build | Farm |
| 29:04 | Build | Farm |
| 29:05 | Build | Farm |
| 29:07 | Build | Farm |
| 29:15 | Build | Lumber Camp |
| 29:25 | Create | Arambai |
| 29:25 | Create | Arambai |
| 29:25 | Create | Arambai |
| 29:33 | Research | Padded Archer Armor |
| 29:40 | Build | Archery Range |
Build order — ToyBoy
First 150 of 222 actions detected
| 0:48 | Build | Town Center |
| 1:13 | Build | Dock |
| 1:17 | Build | House |
| 3:02 | Create | Villager (Male) ×4 |
| 3:02 | Create | Villager (Male) ×4 |
| 4:02 | Create | Fishing Ship |
| 4:07 | Research | Loom |
| 4:28 | Build | House |
| 4:36 | Create | Villager (Male) |
| 5:19 | Create | Fishing Ship |
| 5:19 | Create | Fishing Ship |
| 5:32 | Create | Villager (Male) |
| 5:55 | Create | Fishing Ship |
| 6:25 | Create | Villager (Male) |
| 6:50 | Create | Fishing Ship |
| 6:56 | Build | House |
| 6:58 | Create | Villager (Male) |
| 6:58 | Create | Villager (Male) |
| 7:21 | Create | Villager (Male) |
| 7:21 | Create | Villager (Male) |
| 7:25 | Build | House |
| 7:42 | Create | Villager (Male) |
| 7:43 | Create | Villager (Male) |
| 7:45 | Create | Villager (Male) |
| 7:45 | Create | Villager (Male) |
| 8:03 | Create | Fishing Ship |
| 8:19 | Create | Villager (Male) |
| 8:53 | Create | Fishing Ship |
| 9:07 | Create | Villager (Male) |
| 9:07 | Create | Villager (Male) |
| 9:08 | Create | Villager (Male) |
| 9:49 | Build | Mill |
| 10:13 | Create | Villager (Male) |
| 10:56 | Research | Feudal Age |
| 10:56 | Research | Feudal Age |
| 11:54 | Build | Mining Camp |
| 12:32 | Create | Villager (Male) |
| 12:33 | Create | Villager (Male) |
| 12:33 | Create | Villager (Male) |
| 12:34 | Create | Villager (Male) |
| 12:35 | Create | Villager (Male) |
| 12:44 | Build | Outpost |
| 12:48 | Build | House |
| 12:59 | Build | House |
| 13:02 | Build | Palisade Wall |
| 13:04 | Build | Palisade Wall |
| 13:06 | Age | Feudal Age |
| 13:18 | Create | Villager (Male) |
| 13:28 | Create | Fire Galley |
| 13:49 | Build | Market |
| 14:04 | Build | Palisade Wall |
| 15:08 | Create | Villager (Male) |
| 15:10 | Build | Blacksmith |
| 15:21 | Build | House |
| 15:23 | Build | House |
| 15:33 | Create | Villager (Male) |
| 15:55 | Build | Stone Wall |
| 15:56 | Build | Gate |
| 16:28 | Research | Castle Age |
| 16:42 | Research | Gold Mining |
| 18:07 | Build | Mill |
| 18:18 | Build | House |
| 19:26 | Age | Castle Age |
| 19:27 | Build | Castle |
| 19:54 | Research | Wheelbarrow |
| 19:54 | Research | Town Watch |
| 20:50 | Build | Mining Camp |
| 21:38 | Build | Lumber Camp |
| 23:25 | Build | Town Center |
| 23:50 | Build | Stone Wall |
| 24:08 | Research | Fletching |
| 24:40 | Research | Bodkin Arrow |
| 24:46 | Create | Petard |
| 25:06 | Build | Stone Wall |
| 25:08 | Build | Stone Wall |
| 26:01 | Research | Imperial Age |
| 26:09 | Create | Petard |
| 26:19 | Build | Stone Wall |
| 27:09 | Create | Petard |
| 27:27 | Create | Petard |
| 27:34 | Build | Mill |
| 29:03 | Build | Mining Camp |
| 29:11 | Age | Imperial Age |
| 29:21 | Create | Trebuchet (Packed) |
| 29:22 | Create | Villager (Male) |
| 29:23 | Create | Villager (Male) |
| 29:23 | Create | Villager (Male) |
| 29:37 | Build | Stone Wall |
| 30:24 | Create | Villager (Male) |
| 30:25 | Create | Villager (Male) |
| 30:25 | Create | Villager (Male) |
| 30:25 | Create | Villager (Male) |
| 30:50 | Create | Petard |
| 30:50 | Create | Petard |
| 31:28 | Create | Villager (Male) |
| 31:53 | Create | Villager (Male) |
| 32:23 | Build | Town Center |
| 32:26 | Create | Villager (Male) |
| 32:26 | Create | Villager (Male) |
| 32:26 | Create | Villager (Male) |
| 33:28 | Create | Villager (Male) |
| 33:29 | Create | Villager (Male) |
| 33:31 | Create | Villager (Male) |
| 34:07 | Create | Villager (Male) |
| 34:19 | Build | Mining Camp |
| 34:49 | Create | Villager (Male) |
| 34:49 | Create | Villager (Male) |
| 34:49 | Create | Villager (Male) |
| 35:18 | Build | Town Center |
| 36:10 | Build | Town Center |
| 36:17 | Create | Villager (Male) |
| 36:35 | Create | Villager (Male) |
| 36:36 | Create | Villager (Male) |
| 37:01 | Create | Villager (Male) |
| 37:05 | Create | Villager (Male) |
| 37:21 | Build | Mill |
| 37:25 | Create | Villager (Male) |
| 37:26 | Create | Villager (Male) |
| 37:26 | Create | Villager (Male) |
| 37:26 | Create | Villager (Male) |
| 37:26 | Create | Villager (Male) |
| 37:27 | Create | Villager (Male) |
| 37:27 | Create | Villager (Male) |
| 37:28 | Create | Villager (Male) |
| 38:10 | Create | Petard |
| 38:10 | Create | Petard |
| 38:11 | Create | Villager (Male) |
| 38:12 | Create | Villager (Male) |
| 38:43 | Create | Villager (Male) |
| 38:43 | Create | Villager (Male) |
| 38:43 | Create | Villager (Male) |
| 38:44 | Create | Villager (Male) |
| 38:48 | Create | Villager (Male) |
| 39:37 | Build | Lumber Camp |
| 39:38 | Research | Stone Mining |
| 39:40 | Create | Villager (Male) |
| 39:40 | Create | Villager (Male) |
| 39:40 | Create | Villager (Male) |
| 39:41 | Create | Villager (Male) |
| 39:41 | Create | Villager (Male) |
| 40:17 | Create | Villager (Male) |
| 40:18 | Create | Villager (Male) |
| 40:18 | Create | Villager (Male) |
| 40:18 | Create | Villager (Male) |
| 40:19 | Create | Villager (Male) |
| 40:19 | Create | Villager (Male) |
| 40:31 | Research | Double-Bit Axe |
| 40:32 | Research | Horse Collar |
| 41:04 | Create | Villager (Male) |
| 41:31 | Create | Transport Ship |
Build order — 快乐沙狗
First 150 of 289 actions detected
| 0:17 | Build | Town Center |
| 1:40 | Build | House |
| 1:44 | Build | Dock |
| 2:50 | Create | Villager (Male) |
| 2:50 | Create | Villager (Male) |
| 2:50 | Create | Villager (Male) |
| 2:51 | Create | Villager (Male) |
| 2:51 | Create | Villager (Male) |
| 2:51 | Create | Villager (Male) |
| 3:02 | Create | Fishing Ship |
| 3:02 | Create | Fishing Ship |
| 3:26 | Research | Loom |
| 4:25 | Create | Villager (Male) |
| 4:25 | Create | Villager (Male) |
| 4:42 | Create | Fishing Ship |
| 4:42 | Create | Fishing Ship |
| 4:46 | Build | House |
| 4:51 | Create | Villager (Male) |
| 5:55 | Create | Villager (Male) |
| 5:55 | Create | Villager (Male) |
| 5:57 | Create | Fishing Ship |
| 5:58 | Create | Fishing Ship |
| 5:58 | Create | Fishing Ship |
| 6:13 | Build | House |
| 6:24 | Create | Villager (Male) |
| 6:24 | Create | Villager (Male) |
| 6:24 | Create | Villager (Male) |
| 6:25 | Create | Villager (Male) |
| 6:40 | Create | Villager (Male) |
| 6:41 | Create | Villager (Male) |
| 6:41 | Create | Villager (Male) |
| 6:57 | Create | Villager (Male) |
| 6:57 | Create | Villager (Male) |
| 6:58 | Create | Villager (Male) |
| 7:10 | Create | Fishing Ship |
| 7:10 | Create | Fishing Ship |
| 7:25 | Create | Villager (Male) |
| 7:26 | Create | Villager (Male) |
| 7:42 | Create | Fishing Ship |
| 7:42 | Create | Fishing Ship |
| 7:55 | Create | Villager (Male) |
| 7:55 | Create | Villager (Male) |
| 7:55 | Create | Villager (Male) |
| 8:00 | Build | House |
| 8:30 | Create | Fishing Ship |
| 8:31 | Create | Fishing Ship |
| 8:42 | Create | Villager (Male) |
| 9:00 | Create | Villager (Male) |
| 9:09 | Create | Villager (Male) |
| 9:23 | Create | Fishing Ship |
| 9:23 | Create | Fishing Ship |
| 9:34 | Build | Mining Camp |
| 9:43 | Build | House |
| 10:46 | Research | Feudal Age |
| 10:46 | Research | Feudal Age |
| 10:46 | Research | Feudal Age |
| 11:07 | Create | Villager (Male) |
| 11:08 | Create | Villager (Male) |
| 11:43 | Build | Lumber Camp |
| 11:51 | Build | Dock |
| 12:50 | Age | Feudal Age |
| 12:50 | Build | House |
| 12:56 | Build | Blacksmith |
| 13:15 | Create | Villager (Male) |
| 13:29 | Create | Galley |
| 13:29 | Create | Galley |
| 13:29 | Create | Galley |
| 13:38 | Build | House |
| 13:41 | Build | Palisade Wall |
| 13:56 | Create | Villager (Male) |
| 14:09 | Create | Galley |
| 14:09 | Create | Galley |
| 14:25 | Create | Galley |
| 14:25 | Create | Galley |
| 14:27 | Research | Fletching |
| 14:30 | Create | Villager (Male) |
| 14:34 | Research | Double-Bit Axe |
| 15:05 | Create | Galley |
| 15:05 | Create | Galley |
| 15:06 | Create | Villager (Male) |
| 15:12 | Build | House |
| 15:15 | Build | Palisade Wall |
| 15:23 | Create | Villager (Male) |
| 15:36 | Build | House |
| 15:49 | Create | Galley |
| 15:49 | Create | Galley |
| 15:50 | Create | Villager (Male) |
| 16:04 | Create | Galley |
| 16:04 | Create | Galley |
| 16:05 | Create | Villager (Male) |
| 16:56 | Create | Galley |
| 16:56 | Create | Galley |
| 17:02 | Build | House |
| 17:07 | Build | Mill |
| 17:20 | Create | Villager (Male) |
| 17:38 | Build | House |
| 17:42 | Build | Palisade Wall |
| 18:02 | Create | Villager (Male) |
| 18:16 | Create | Villager (Male) |
| 18:28 | Build | Market |
| 18:53 | Create | Villager (Male) |
| 19:22 | Create | Villager (Male) |
| 19:52 | Research | Castle Age |
| 19:57 | Build | Barracks |
| 20:05 | Build | House |
| 20:58 | Create | Galley |
| 20:58 | Create | Galley |
| 22:18 | Age | Castle Age |
| 22:26 | Research | War Galley (upgrade) |
| 22:34 | Build | Siege Workshop |
| 22:48 | Create | Villager (Male) |
| 23:09 | Research | Bodkin Arrow |
| 23:28 | Build | Town Center |
| 23:32 | Create | Villager (Male) |
| 23:38 | Create | Galley ×5 |
| 23:38 | Create | Galley ×5 |
| 23:39 | Create | Galley ×5 |
| 24:07 | Create | Mangonel |
| 24:07 | Create | Mangonel |
| 24:15 | Build | Monastery |
| 24:34 | Create | Villager (Male) |
| 25:14 | Create | Monk |
| 25:14 | Create | Monk |
| 25:35 | Create | Villager (Male) |
| 26:09 | Create | Galley |
| 26:09 | Create | Galley |
| 26:38 | Create | Villager (Male) |
| 26:38 | Create | Villager (Male) |
| 27:00 | Create | Villager (Male) |
| 27:32 | Create | Villager (Male) |
| 27:46 | Build | Castle |
| 28:08 | Create | Villager (Male) |
| 28:16 | Create | Villager (Male) |
| 28:25 | Create | Villager (Male) |
| 28:38 | Create | Villager (Male) |
| 28:42 | Research | Bow Saw |
| 28:50 | Build | Town Center |
| 28:55 | Create | Villager (Male) |
| 29:17 | Create | Fishing Ship ×3 |
| 29:17 | Create | Fishing Ship ×3 |
| 29:48 | Create | Villager (Male) |
| 30:16 | Create | Fishing Ship ×3 |
| 30:17 | Create | Villager (Male) |
| 30:18 | Create | Villager (Male) |
| 30:42 | Create | Villager (Male) |
| 31:02 | Create | Villager (Male) |
| 31:03 | Create | Villager (Male) |
| 31:05 | Build | Farm |
| 31:13 | Create | Battering Ram |
| 32:07 | Build | Lumber Camp |
Build order — 言灵·镰鼬
First 150 of 377 actions detected
| 0:06 | Build | Town Center |
| 0:25 | Build | House |
| 0:35 | Build | Dock |
| 2:29 | Create | Villager (Male) |
| 2:29 | Create | Villager (Male) |
| 2:30 | Create | Villager (Male) |
| 2:30 | Create | Villager (Male) |
| 2:30 | Create | Villager (Male) |
| 2:30 | Create | Villager (Male) |
| 2:31 | Create | Villager (Male) |
| 3:28 | Create | Fishing Ship |
| 3:28 | Create | Fishing Ship |
| 3:40 | Create | Villager (Male) |
| 3:40 | Create | Villager (Male) |
| 3:58 | Build | House |
| 5:07 | Create | Fishing Ship |
| 5:08 | Create | Fishing Ship |
| 5:10 | Create | Villager (Male) |
| 5:10 | Create | Villager (Male) |
| 5:42 | Create | Villager (Male) |
| 5:43 | Create | Villager (Male) |
| 5:43 | Create | Villager (Male) |
| 5:46 | Create | Villager (Male) |
| 5:46 | Create | Villager (Male) |
| 5:57 | Build | House |
| 6:08 | Create | Villager (Male) |
| 6:08 | Create | Villager (Male) |
| 6:31 | Create | Fishing Ship |
| 6:48 | Create | Villager (Male) |
| 6:48 | Create | Villager (Male) |
| 7:11 | Create | Villager (Male) |
| 7:17 | Build | House |
| 7:40 | Create | Fishing Ship |
| 7:40 | Create | Fishing Ship |
| 7:41 | Create | Villager (Male) |
| 7:41 | Create | Villager (Male) |
| 7:41 | Create | Villager (Male) |
| 7:42 | Create | Villager (Male) |
| 8:08 | Build | House |
| 8:21 | Create | Fishing Ship |
| 8:21 | Create | Fishing Ship |
| 8:38 | Create | Villager (Male) |
| 8:54 | Create | Fishing Ship |
| 8:59 | Create | Villager (Male) |
| 9:27 | Build | House |
| 9:43 | Build | Mill |
| 10:22 | Research | Feudal Age |
| 10:23 | Research | Feudal Age |
| 11:02 | Build | Mining Camp |
| 11:48 | Create | Villager (Male) |
| 11:48 | Create | Villager (Male) |
| 12:34 | Age | Feudal Age |
| 12:40 | Build | Market |
| 12:46 | Build | Blacksmith |
| 13:31 | Build | Lumber Camp |
| 13:51 | Research | Castle Age |
| 13:51 | Research | Castle Age |
| 14:23 | Research | Double-Bit Axe |
| 14:23 | Research | Double-Bit Axe |
| 14:27 | Research | Horse Collar |
| 14:42 | Research | Gold Mining |
| 15:46 | Create | Villager (Male) |
| 15:47 | Create | Villager (Male) |
| 15:58 | Build | Barracks |
| 16:31 | Age | Castle Age |
| 16:40 | Build | Monastery |
| 16:41 | Create | Villager (Male) |
| 16:41 | Create | Villager (Male) |
| 16:54 | Build | Stable |
| 16:59 | Build | Farm |
| 17:00 | Build | Farm |
| 17:01 | Build | Farm |
| 17:01 | Build | Farm |
| 17:26 | Create | Monk |
| 17:27 | Create | Monk |
| 17:43 | Build | Farm |
| 17:43 | Build | Farm |
| 17:49 | Create | Knight |
| 17:49 | Create | Knight |
| 18:03 | Create | Villager (Male) |
| 19:26 | Create | Villager (Male) |
| 19:27 | Create | Villager (Male) |
| 19:27 | Create | Villager (Male) |
| 19:27 | Create | Villager (Male) |
| 19:38 | Build | Town Center |
| 19:42 | Build | House |
| 19:44 | Build | House |
| 19:45 | Build | House |
| 19:48 | Research | Loom |
| 19:49 | Research | Wheelbarrow |
| 19:49 | Research | Wheelbarrow |
| 20:22 | Build | House |
| 20:26 | Create | Monk |
| 20:27 | Create | Monk |
| 20:27 | Create | Knight |
| 20:44 | Create | Villager (Male) |
| 20:46 | Create | Villager (Male) |
| 20:46 | Create | Villager (Male) |
| 20:47 | Create | Villager (Male) |
| 20:51 | Build | Farm |
| 20:51 | Build | Farm |
| 20:51 | Build | Farm |
| 20:52 | Build | Farm |
| 20:52 | Build | Farm |
| 20:52 | Build | Farm |
| 20:53 | Build | Farm |
| 21:30 | Build | Farm |
| 21:30 | Build | Farm |
| 21:30 | Build | Farm |
| 21:37 | Create | Villager (Male) |
| 23:19 | Build | House |
| 23:19 | Build | House |
| 23:19 | Build | House |
| 23:20 | Build | House |
| 23:22 | Create | Villager (Male) |
| 23:22 | Create | Villager (Male) |
| 23:22 | Create | Villager (Male) |
| 23:23 | Create | Villager (Male) |
| 23:23 | Create | Villager (Male) |
| 23:23 | Create | Villager (Male) |
| 23:28 | Build | Town Center |
| 24:15 | Create | Villager (Male) |
| 24:15 | Create | Villager (Male) |
| 24:17 | Research | Stone Mining |
| 24:18 | Create | Villager (Male) |
| 24:19 | Create | Villager (Male) |
| 24:24 | Build | Mining Camp |
| 24:27 | Research | Bow Saw |
| 24:28 | Research | Bow Saw |
| 24:39 | Research | Bloodlines |
| 24:42 | Create | Knight |
| 25:11 | Create | Villager (Male) |
| 25:12 | Create | Villager (Male) |
| 25:12 | Create | Villager (Male) |
| 25:12 | Create | Villager (Male) |
| 25:13 | Create | Villager (Male) |
| 25:13 | Create | Villager (Male) |
| 25:13 | Create | Villager (Male) |
| 25:17 | Build | Farm |
| 25:18 | Build | Farm |
| 25:18 | Build | Farm |
| 25:18 | Build | Farm |
| 25:18 | Build | Farm |
| 25:18 | Build | Farm |
| 25:36 | Research | Scale Barding Armor |
| 25:36 | Research | Scale Barding Armor |
| 26:09 | Create | Knight |
| 26:09 | Create | Knight |
| 26:21 | Build | House |
| 26:21 | Build | House |
Build order — seabed
First 150 of 269 actions detected
| 0:21 | Build | Town Center |
| 1:06 | Build | Dock |
| 2:40 | Build | House |
| 2:58 | Create | Villager (Male) |
| 2:58 | Create | Villager (Male) |
| 2:58 | Create | Villager (Male) |
| 2:59 | Create | Villager (Male) |
| 3:26 | Create | Villager (Male) |
| 3:26 | Create | Villager (Male) |
| 3:26 | Create | Villager (Male) |
| 3:26 | Create | Villager (Male) |
| 4:19 | Create | Fishing Ship |
| 4:19 | Create | Fishing Ship |
| 4:47 | Research | Loom |
| 4:47 | Research | Loom |
| 4:50 | Build | House |
| 5:00 | Build | House |
| 5:12 | Create | Villager (Male) |
| 5:12 | Create | Villager (Male) |
| 5:12 | Create | Villager (Male) |
| 5:39 | Create | Fishing Ship |
| 5:39 | Create | Fishing Ship |
| 6:08 | Create | Villager (Male) |
| 6:09 | Create | Villager (Male) |
| 6:09 | Create | Villager (Male) |
| 6:09 | Create | Villager (Male) |
| 6:28 | Create | Villager (Male) |
| 6:32 | Create | Fishing Ship |
| 6:33 | Create | Fishing Ship |
| 6:58 | Create | Villager (Male) |
| 6:58 | Create | Villager (Male) |
| 6:59 | Create | Villager (Male) |
| 7:30 | Build | House |
| 7:35 | Create | Villager (Male) |
| 7:45 | Create | Villager (Male) |
| 7:48 | Create | Fishing Ship |
| 8:16 | Create | Villager (Male) |
| 8:20 | Build | House |
| 8:44 | Create | Villager (Male) |
| 9:06 | Build | Settlement |
| 9:10 | Create | Villager (Male) |
| 9:35 | Create | Villager (Male) |
| 10:00 | Create | Fishing Ship |
| 10:00 | Create | Fishing Ship |
| 10:06 | Create | Villager (Male) |
| 10:31 | Create | Villager (Male) |
| 10:50 | Build | Settlement |
| 10:54 | Create | Villager (Male) |
| 11:10 | Create | Villager (Male) |
| 11:14 | Create | Fishing Ship |
| 11:36 | Create | Fishing Ship |
| 11:53 | Create | Villager (Male) |
| 12:01 | Create | Villager (Male) |
| 12:12 | Create | Fishing Ship |
| 12:16 | Research | Feudal Age |
| 12:16 | Research | Feudal Age |
| 12:27 | Build | Farm |
| 12:59 | Build | House |
| 13:15 | Build | House |
| 13:46 | Create | Fishing Ship |
| 14:14 | Build | House |
| 14:56 | Age | Feudal Age |
| 15:00 | Create | Villager (Male) |
| 15:06 | Build | Market |
| 15:12 | Build | Blacksmith |
| 16:10 | Research | Castle Age |
| 16:27 | Create | Demolition Raft |
| 16:34 | Create | Fishing Ship |
| 16:56 | Build | Outpost |
| 17:07 | Create | Villager (Male) |
| 17:07 | Create | Villager (Male) |
| 17:12 | Research | Fletching |
| 17:13 | Research | Fletching |
| 18:06 | Build | Outpost |
| 18:50 | Age | Castle Age |
| 19:00 | Create | Villager (Male) |
| 19:13 | Build | Castle |
| 19:22 | Create | Villager (Male) |
| 20:06 | Create | Unit 2579 |
| 20:07 | Create | Unit 2579 |
| 20:38 | Build | Settlement |
| 20:54 | Build | Settlement |
| 20:57 | Create | Villager (Male) |
| 20:57 | Create | Villager (Male) |
| 21:09 | Build | Settlement |
| 21:11 | Create | Unit 2579 |
| 21:11 | Create | Unit 2579 |
| 21:12 | Create | Unit 2579 |
| 21:32 | Create | Unit 2579 |
| 21:33 | Create | Unit 2579 |
| 21:33 | Create | Unit 2579 |
| 21:47 | Build | Siege Workshop |
| 21:50 | Create | Unit 2579 |
| 21:50 | Create | Unit 2579 |
| 21:50 | Create | Unit 2579 |
| 21:56 | Create | Villager (Male) |
| 22:09 | Create | Villager (Male) |
| 22:14 | Create | Unit 2579 |
| 22:14 | Create | Unit 2579 |
| 22:14 | Create | Unit 2579 |
| 22:43 | Create | Battering Ram |
| 22:43 | Create | Battering Ram |
| 22:50 | Create | Villager (Male) |
| 22:50 | Create | Villager (Male) |
| 22:51 | Create | Villager (Male) |
| 22:59 | Create | Unit 2579 |
| 22:59 | Create | Unit 2579 |
| 22:59 | Create | Unit 2579 |
| 23:11 | Create | Unit 2579 |
| 23:11 | Create | Unit 2579 |
| 23:11 | Create | Unit 2579 |
| 23:34 | Create | Unit 2579 |
| 23:34 | Create | Unit 2579 |
| 24:04 | Create | Battering Ram |
| 24:04 | Create | Battering Ram |
| 24:12 | Create | Villager (Male) |
| 24:13 | Create | Villager (Male) |
| 24:13 | Create | Villager (Male) |
| 24:13 | Create | Villager (Male) |
| 24:14 | Create | Villager (Male) |
| 24:14 | Create | Villager (Male) |
| 24:19 | Create | Unit 2579 |
| 24:20 | Create | Unit 2579 |
| 24:20 | Create | Unit 2579 |
| 24:29 | Research | Bodkin Arrow |
| 24:30 | Research | Bodkin Arrow |
| 24:45 | Create | Unit 2579 |
| 25:01 | Create | Battering Ram |
| 25:05 | Create | Unit 2579 |
| 25:05 | Create | Unit 2579 |
| 25:05 | Create | Unit 2579 |
| 25:29 | Create | Unit 2579 |
| 25:30 | Create | Unit 2579 |
| 25:34 | Create | Villager (Male) |
| 25:35 | Create | Villager (Male) |
| 25:38 | Research | Double-Bit Axe |
| 25:57 | Create | Unit 2579 |
| 25:57 | Create | Unit 2579 |
| 26:59 | Create | Unit 2579 |
| 27:00 | Create | Unit 2579 |
| 27:00 | Create | Unit 2579 |
| 27:00 | Create | Unit 2579 |
| 27:35 | Create | Unit 2579 |
| 27:57 | Build | Town Center |
| 28:10 | Create | Unit 2579 |
| 28:10 | Create | Unit 2579 |
| 28:11 | Create | Unit 2579 |
| 28:17 | Create | Villager (Male) |
| 28:17 | Create | Villager (Male) |
| 28:17 | Create | Villager (Male) |
Match timeline
| 0:32 | iPakkaa · first_building Dock |
| 0:35 | 言灵·镰鼬 · first_building Dock |
| 1:06 | seabed · first_building Dock |
| 1:13 | ToyBoy · first_building Dock |
| 1:39 | VkGua · first_building Dock |
| 1:44 | momo · first_building Dock |
| 1:44 | 快乐沙狗 · first_building Dock |
| 3:01 | 逐曦者 · first_building Dock |
| 12:34 | 言灵·镰鼬 · age_up feudal |
| 12:35 | iPakkaa · age_up feudal |
| 12:50 | 快乐沙狗 · age_up feudal |
| 13:02 | ToyBoy · wall_segment Palisade Wall x1 |
| 13:04 | ToyBoy · wall_segment Palisade Wall x2 |
| 13:06 | ToyBoy · age_up feudal |
| 13:08 | momo · wall_segment Palisade Wall x3 |
| 13:41 | 快乐沙狗 · wall_segment Palisade Wall x4 |
| 13:52 | 逐曦者 · age_up feudal |
| 14:02 | VkGua · age_up feudal |
| 14:04 | ToyBoy · wall_segment Palisade Wall x3 |
| 14:21 | momo · first_building Barracks |
| 14:26 | momo · age_up feudal |
| 14:56 | seabed · age_up feudal |
| 15:05 | VkGua · first_market_sell 100 food |
| 15:15 | 快乐沙狗 · wall_segment Palisade Wall x5 |
| 15:46 | momo · wall_segment Palisade Wall x1 |
| 15:55 | ToyBoy · wall_segment Stone Wall x8 |
| 15:58 | 言灵·镰鼬 · first_building Barracks |
| 16:02 | momo · first_building Archery Range |
| 16:26 | ToyBoy · first_market_sell 100 wood |
| 16:31 | 言灵·镰鼬 · age_up castle |
| 16:40 | 言灵·镰鼬 · first_building Monastery |
| 16:54 | 言灵·镰鼬 · first_building Stable |
| 17:05 | VkGua · wall_segment Palisade Wall x1 |
| 17:18 | VkGua · first_building Barracks |
| 17:42 | 快乐沙狗 · wall_segment Palisade Wall x3 |
| 17:46 | VkGua · age_up castle |
| 18:03 | iPakkaa · age_up castle |
| 18:29 | VkGua · first_building Stable |
| 18:50 | seabed · age_up castle |
| 18:51 | seabed · first_market_buy 100 stone |
| 19:08 | 逐曦者 · first_building Barracks |
| 19:13 | seabed · first_building Castle |
| 19:22 | 逐曦者 · wall_segment Stone Wall x11 |
| 19:26 | ToyBoy · age_up castle |
| 19:27 | ToyBoy · first_building Castle |
| 19:46 | 逐曦者 · wall_segment Stone Wall x7 |
| 19:50 | 快乐沙狗 · first_market_buy 100 food |
| 19:57 | 快乐沙狗 · first_building Barracks |
| 20:35 | VkGua · first_building Castle |
| 21:09 | iPakkaa · first_building Castle |
| 21:16 | momo · age_up castle |
| 21:32 | 逐曦者 · age_up castle |
| 21:39 | VkGua · first_building Siege Workshop |
| 21:47 | seabed · first_building Siege Workshop |
| 22:04 | ToyBoy · first_market_buy 100 food |
| 22:18 | 快乐沙狗 · age_up castle |
| 22:23 | iPakkaa · first_building Barracks |
| 22:34 | 快乐沙狗 · first_building Siege Workshop |
| 23:48 | iPakkaa · first_building Stable |
| 23:50 | ToyBoy · wall_segment Stone Wall x4 |
| 24:10 | 逐曦者 · first_building Stable |
| 24:15 | 快乐沙狗 · first_building Monastery |
| 24:18 | seabed · first_market_sell 100 food |
| 24:50 | 快乐沙狗 · first_market_sell 100 food |
| 25:06 | ToyBoy · wall_segment Stone Wall x5 |
| 25:08 | ToyBoy · wall_segment Stone Wall x3 |
| 25:22 | 逐曦者 · wall_segment Palisade Wall x1 |
| 26:05 | 逐曦者 · wall_segment Palisade Wall x9 |
| 26:17 | 逐曦者 · wall_segment Palisade Wall x1 |
| 26:19 | ToyBoy · wall_segment Stone Wall x2 |
| 26:29 | 逐曦者 · wall_segment Palisade Wall x12 |
| 27:46 | 快乐沙狗 · first_building Castle |
| 28:00 | 逐曦者 · first_market_buy 100 stone |
| 28:02 | momo · first_building Castle |
| 28:05 | 逐曦者 · first_building Castle |
| 28:38 | 逐曦者 · wall_segment Stone Wall x11 |
| 28:47 | iPakkaa · tribute_sent a jugador 2 |
| 28:47 | iPakkaa · tribute_sent a jugador 3 |
| 28:47 | iPakkaa · tribute_sent a jugador 4 |
| 28:47 | iPakkaa · tribute_sent a jugador 5 |
| 28:47 | iPakkaa · tribute_sent a jugador 6 |
| 28:47 | iPakkaa · tribute_sent a jugador 7 |
| 28:47 | iPakkaa · tribute_sent a jugador 8 |
| 28:48 | 言灵·镰鼬 · tribute_sent a jugador 1 |
| 28:48 | 言灵·镰鼬 · tribute_sent a jugador 2 |
| 28:48 | 言灵·镰鼬 · tribute_sent a jugador 3 |
| 28:48 | 言灵·镰鼬 · tribute_sent a jugador 4 |
| 28:48 | 言灵·镰鼬 · tribute_sent a jugador 5 |
| 28:48 | 言灵·镰鼬 · tribute_sent a jugador 6 |
| 28:48 | 言灵·镰鼬 · tribute_sent a jugador 8 |
| 29:11 | ToyBoy · age_up imperial |
| 29:37 | ToyBoy · wall_segment Stone Wall x1 |
| 29:40 | VkGua · first_building Archery Range |
| 31:09 | 言灵·镰鼬 · first_building Castle |
| 33:07 | momo · first_market_sell 100 wood |
| 33:10 | momo · first_market_buy 100 food |
| 33:26 | momo · tribute_sent a jugador 1 |
| 33:26 | momo · tribute_sent a jugador 2 |
| 33:26 | momo · tribute_sent a jugador 3 |
| 33:26 | momo · tribute_sent a jugador 5 |
| 33:26 | momo · tribute_sent a jugador 6 |
| 33:26 | momo · tribute_sent a jugador 7 |
| 33:26 | momo · tribute_sent a jugador 8 |
| 34:40 | 言灵·镰鼬 · first_building Archery Range |
| 34:44 | 逐曦者 · first_building Siege Workshop |
| 35:18 | VkGua · age_up imperial |
| 35:42 | 逐曦者 · first_market_sell 100 stone |
| 35:45 | 言灵·镰鼬 · first_market_sell 100 food |
| 36:40 | 言灵·镰鼬 · age_up imperial |
| 36:52 | momo · age_up imperial |
| 37:15 | 快乐沙狗 · wall_segment Stone Wall x4 |
| 37:50 | 逐曦者 · first_building Monastery |
| 38:04 | iPakkaa · age_up imperial |
| 39:05 | 快乐沙狗 · first_building Stable |
| 39:14 | seabed · age_up imperial |
| 40:04 | 快乐沙狗 · wall_segment Stone Wall x14 |
| 40:11 | 快乐沙狗 · wall_segment Stone Wall x12 |
| 40:35 | 逐曦者 · wall_segment Stone Wall x1 |
| 41:43 | iPakkaa · tribute_sent a jugador 2 |
| 41:43 | iPakkaa · tribute_sent a jugador 3 |
| 41:43 | iPakkaa · tribute_sent a jugador 4 |
| 41:43 | iPakkaa · tribute_sent a jugador 5 |
| 41:43 | iPakkaa · tribute_sent a jugador 6 |
| 41:43 | iPakkaa · tribute_sent a jugador 7 |
| 41:43 | iPakkaa · tribute_sent a jugador 8 |
| 43:50 | 逐曦者 · wall_segment Stone Wall x15 |
| 43:57 | 逐曦者 · wall_segment Stone Wall x7 |
| 44:21 | 快乐沙狗 · wall_segment Stone Wall x8 |
| 44:32 | seabed · resign |
[ AI ANALYSIS · 1 CREDIT ]
What really happened in this match?
Wolo.gg analyzes every decision: build order, eco, micro, common mistakes by bracket. Personalized analysis on WhatsApp or Discord in 30 seconds.
Civ guide
Britons
Perfil
Jugador #17888739